 Dungeon Crawl Stone Soup version 0.31-a0-339-gda1cbd555d (webtiles) character file.

Game seed: 9312123438159714768

17819 tsouns the Destroyer (level 12, -16/91 HPs)
             Began as a Gnoll Conjurer on July 21, 2023.
             Was an Initiate of Gozag.
             Demolished by Fannar
             ... wielding a staff of cold
              (37 damage)
             ... on level 1 of the Lair of Beasts.
             The game lasted 00:32:01 (11069 turns).

tsouns the Destroyer (Gnoll Conjurer)              Turns: 11069, Time: 00:32:02

Health: -16/91     AC: 13    Str:  5    XL:     12   Next: 52%
Magic:  18/25      EV: 15    Int: 24    God:    Gozag
Gold:   3758       SH:  0    Dex: 12    Spells: 9/29 levels left

rFire   . . .        d - +8 lajatang "Zeoh" {venom, Will+ Int+3}
rCold   . . .        (shield currently unavailable)
rNeg    + + .        p - +2 robe {Will+}
rPois   .            y - +2 helmet
rElec   .            w - +1 cloak {Stlth+}
rCorr   .            s - +2 pair of gloves
SInv    .            (no boots)
Will    ++...        a - amulet of regeneration
Stlth   +++++        q - ring of positive energy
HPRegen 1.15/turn    m - ring of positive energy
MPRegen 0.19/turn

%: no passive effects
@: about to teleport
A: fangs 1, strong nose, distributed training, weak 1, MP-powered wands, noise
suppression
a: Renounce Religion, Potion Petition, Call Merchant, Bribe Branch


You were on level 1 of the Lair of Beasts.
You worshipped Gozag.
Gozag was most pleased with you.
You visited 2 branches of the dungeon, and saw 11 of its levels.
You also visited: Bailey.

You collected 3838 gold pieces.
You spent 44 gold pieces at shops.
You paid 36 gold pieces to Gozag.

Inventory:

Hand Weapons
 d - the +8 lajatang "Zeoh" (weapon) {venom, Will+ Int+3}
   (You acquired it on level 5 of the Dungeon)

   Int:       It affects your intelligence (+3).
   Will:      It increases your willpower.
 k - a +1 longbow of draining
 C - a +1 demon whip of venom
Missiles
 o - 5 curare-tipped darts
 B - 4 throwing nets
Armour
 p - a +2 robe of willpower (worn)
 s - a +2 pair of gloves (worn)
 w - a +1 cloak of stealth (worn)
 y - a +2 helmet (worn)
Jewellery
 a - an amulet of regeneration (around neck)
 m - a ring of positive energy (right hand)
 q - a ring of positive energy (left hand)
 E - a ring of positive energy
Wands
 v - a wand of flame (18)
 z - a wand of charming (5)
Scrolls
 c - 3 scrolls of enchant armour
 g - a scroll of poison
 j - a scroll of amnesia
 x - 2 scrolls of brand weapon
 A - 2 scrolls of vulnerability
Potions
 b - a potion of magic
 f - 3 potions of curing
 h - 2 potions of invisibility
 i - 3 potions of heal wounds
 l - a potion of might
 n - 2 potions of brilliance
 r - 3 potions of lignification
 t - 4 potions of mutation
Miscellaneous
 e - a box of beasts
 u - a lightning rod (4/4)


   Skills:
 + Level 7.5 Fighting
 + Level 7.5 Short Blades
 + Level 7.5 Long Blades
 + Level 7.5 Axes
 + Level 7.5 Maces & Flails
 + Level 7.5 Polearms
 + Level 7.5 Staves
 + Level 7.5 Ranged Weapons
 + Level 7.5 Throwing
 + Level 7.5 Armour
 + Level 8.9 Dodging
 + Level 8.7 Stealth
 + Level 7.5 Shields
 + Level 7.5 Unarmed Combat
 + Level 9.1 Spellcasting
 + Level 9.5 Conjurations
 + Level 6.2 Hexes
 + Level 6.2 Summonings
 + Level 6.2 Necromancy
 + Level 6.2 Translocations
 + Level 6.2 Transmutations
 + Level 6.2 Fire Magic
 + Level 6.2 Ice Magic
 + Level 6.2 Air Magic
 + Level 6.2 Earth Magic
 + Level 6.2 Poison Magic
 + Level 8.2 Invocations
 + Level 7.5 Evocations
 + Level 6.2 Shapeshifting


You had 9 spell levels left.
You knew the following spells:

 Your Spells              Type           Power      Damage    Failure   Level
a - Magic Dart            Conj           100%       1d8       1%          1
b - Searing Ray           Conj           100%       2d8       1%          2
c - Ensorcelled Hibernat  Hex/Ice        80%        N/A       1%          2
d - Dazzling Flash        Conj/Hex       96%        N/A       1%          3
e - Iskenderun's Mystic   Conj/Tloc      48%        2d11      2%          4
f - Freezing Cloud        Conj/Ice/Air   23%        6-21      8%          5
g - Volatile Blastmotes   Fire/Tloc      80%        2d16      1%          3

Your spell library contained the following spells:

 Spells                   Type           Power      Damage    Failure   Level
 Slow                     Hex            100%       N/A       1%          1
 Cigotuvi's Dreadful Rot  Necr/Pois/Air  80%        N/A       1%          2
 Lesser Beckoning         Tloc           80%        N/A       1%          2
 Passwall                 Tmut/Erth      33%        N/A       1%          2
 Confusing Touch          Hex            40%        N/A       1%          3
 Frozen Ramparts          Ice            80%        1d13      1%          3
 Gell's Gravitas          Tloc           40%        N/A       1%          3
 Ignite Poison            Fire/Tmut/Pois 40%        N/A       1%          3
 Swiftness                Air            40%        N/A       1%          3
 Teleport Other           Tloc           40%        N/A       1%          3
 Vampiric Draining        Necr           40%        2d8       1%          3
 Fulminant Prism          Conj/Hex       24%        3d12      2%          4
 Petrify                  Tmut/Erth      40%        N/A       4%          4
 Metabolic Englaciation   Hex/Ice        20%        N/A       12%         5


Dungeon Overview and Level Annotations

Branches:
Dungeon (10/15)            Temple (0/1) D:7            Lair (1/5) D:10
 Bailey (visited)
    Orc: D:9-12

Altars:
Ashenzari
Cheibriados
Dithmenos
Gozag
Hepliaklqana
Kikubaaqudgha
Makhleb
Okawaru
Qazlal
Ru
Sif Muna
Wu Jian
Xom
Yredelemnul
Zin
The Shining One

Shops:
D:2 (   D:5 =   D:9 ?

Annotations:
D:4 2 transporters, Flugkiller's ghost, novice OpSh
D:9 exclusion: obsidian statue
Lair:1 Fannar


Innate Abilities, Weirdness & Mutations

You have very sharp teeth.
Your uncanny sense of smell can sniff out nearby items.
Your experience applies equally to all skills.
You are weak. (Str -2)
You expend magic power (3 MP) to strengthen your wands.
You passively dampen the noise of your surroundings.


Message History

The cloud of blastmotes explodes!
The concussive blast engulfs Fannar.
Fannar is lightly wounded.
The concussive blast engulfs the ice beast!!!
The ice beast melts!
You kill the ice beast!
The ice beast disappears in a puff of smoke!
The searing ray hits Fannar but does no damage.
Fannar is lightly wounded.
The searing ray misses Fannar.
Fannar mumbles some strange words.
The searing ray hits Fannar.
Fannar is lightly wounded.
You finish channelling your searing ray.
Fannar murmurs some mystic words to themself.
The ice beast barely misses you.
You miss Fannar.
Fannar is lightly wounded.
Fannar hits you with a staff of cold! Fannar freezes you!
The ice beast closely misses you.
You hit Fannar but do no damage.
Fannar is lightly wounded.
Fannar closely misses you. The ice beast hits you. The ice beast freezes you!
Fannar attacks as you move away! Fannar hits you but does no damage.
Fannar freezes you! Fannar attacks as you move away!
Fannar hits you but does no damage. Fannar freezes you!
* * * LOW HITPOINT WARNING * * *
The ice beast attacks as you move away!
The ice beast hits you but does no damage.
Okay, then.
As you read the scroll of teleportation, it crumbles to dust.
You feel strangely unstable. Fannar barely misses you.
Fannar attacks as you move away! Fannar hits you with a staff of cold!
* * * LOW HITPOINT WARNING * * *
Fannar freezes you.
* * * LOW HITPOINT WARNING * * *
Fannar gestures wildly while chanting.
Fannar drains the heat from the surrounding environment!
You die...
Your body crumbles into a pile of gold.

...... ...
#....#####.P+..# #
#....#.......#.##
..###...........$...#
....+....P.......#.#
#P....#.........#
#............#.# # #####
#....#.........#
###.#.###....#..@.e..#
..............#####Y##.#
...........^...........#
.......................#
P##.#P##.#####.#########
########## ###


You could see Fannar and an ice beast (summoned).

Vanquished Creatures
  3 two-headed ogres
  Amaemon (D:8)
  An orc knight (Bailey)
  5 elephants (Lair:1)
  A black mamba (Lair:1)
  An orange demon (D:8)
  A rime drake (Lair:1)
  2 komodo dragons (Lair:1)
  2 unseen horrors (D:10)
  2 hornets
  Sigmund (D:2)
  32 yaks
  6 wyverns
  A basilisk (Lair:1)
  A steam dragon (D:5)
  6 water moccasins
  2 acid dragons
  A sky beast (D:7)
  10 orc warriors
  An ice beast (D:7)
  4 black bears
  An ogre (D:5)
  3 kobold brigands
  2 bullfrogs
  4 gnoll sergeants
  3 scorpions
  8 wights
  3 vampire bats (D:5)
  2 jellies
  4 hounds
  9 orc priests
  Crazy Yiuf (D:7)
  2 gnoll boudas (D:9)
  2 sleepcaps
  Natasha (thrice) (D:2)
  2 iguanas (D:5)
  10 orc wizards
  32 gnolls
  8 adders
  A shadow imp (D:6)
  2 white imps
  A dart slug (D:7)
  55 orcs
  8 ball pythons
  2 bat skeletons (D:5)
  3 bat zombies (D:5)
  13 endoplasms
  12 goblins
  6 hobgoblins
  4 jackals (D:3)
  2 quokkas
  9 bats
  A frilled lizard (D:1)
  17 kobolds
  2 rats
321 creatures vanquished.

Vanquished Creatures (others)
  2 orcs (D:7)
2 creatures vanquished.

Grand Total: 323 creatures vanquished

Notes
Turn   | Place    | Note
-------+----------+-------------------------------------------
     0 | D:1      | tsouns the Gnoll Conjurer began the quest for the Orb.
     0 | D:1      | Reached XP level 1. HP: 13/13 MP: 6/6
   178 | D:1      | Reached XP level 2. HP: 19/19 MP: 5/7
   209 | D:1      | Learned a level 2 spell: Searing Ray
   257 | D:1      | Learned a level 2 spell: Ensorcelled Hibernation
   918 | D:2      | Found an opulent altar of Gozag.
   924 | D:2      | Noticed Natasha
   929 | D:2      | Killed Natasha
   930 | D:2      | Reached skill level 5 in Spellcasting
   930 | D:2      | Reached skill level 1 in Invocations
   930 | D:2      | Reached XP level 3. HP: 23/25 MP: 2/9
   933 | D:2      | Became a worshipper of Gozag Ym Sagoz the Greedy
   944 | D:2      | Noticed Natasha
   951 | D:2      | Killed Natasha
   952 | D:2      | Reached skill level 1 in Fighting
   952 | D:2      | Reached skill level 1 in Short Blades
   952 | D:2      | Reached skill level 1 in Long Blades
   952 | D:2      | Reached skill level 1 in Axes
   952 | D:2      | Reached skill level 1 in Maces & Flails
   952 | D:2      | Reached skill level 1 in Polearms
   952 | D:2      | Reached skill level 1 in Staves
   952 | D:2      | Reached skill level 1 in Ranged Weapons
   952 | D:2      | Reached skill level 1 in Throwing
   952 | D:2      | Reached skill level 1 in Armour
   952 | D:2      | Reached skill level 1 in Shields
   952 | D:2      | Reached skill level 1 in Unarmed Combat
   952 | D:2      | Reached skill level 1 in Evocations
   952 | D:2      | Reached XP level 4. HP: 17/32 MP: 0/11
  1126 | D:2      | Noticed Natasha
  1132 | D:2      | Killed Natasha
  1133 | D:2      | Reached skill level 1 in Hexes
  1133 | D:2      | Reached skill level 1 in Summonings
  1133 | D:2      | Reached skill level 1 in Necromancy
  1133 | D:2      | Reached skill level 1 in Translocations
  1133 | D:2      | Reached skill level 1 in Transmutations
  1133 | D:2      | Reached skill level 1 in Fire Magic
  1133 | D:2      | Reached skill level 1 in Ice Magic
  1133 | D:2      | Reached skill level 1 in Air Magic
  1133 | D:2      | Reached skill level 1 in Earth Magic
  1133 | D:2      | Reached skill level 1 in Poison Magic
  1133 | D:2      | Reached skill level 1 in Shapeshifting
  1330 | D:2      | Reached XP level 5. HP: 37/37 MP: 8/12
  1543 | D:2      | Noticed Sigmund
  1550 | D:2      | Killed Sigmund
  1551 | D:2      | Reached skill level 5 in Dodging
  1551 | D:2      | Reached XP level 6. HP: 37/44 MP: 4/14
  1727 | D:2      | Found Agak's Antique Weapon Shop.
  2190 | D:3      | Found a hazy altar of Hepliaklqana.
  2443 | D:3      | Found a faded altar of an unknown god.
  2661 | D:3      | Found a shadowy altar of Dithmenos.
  3018 | D:4      | Found a transporter.
  3066 | D:4      | Noticed Flugkiller's ghost (novice OpSh)
  3090 | D:4      | Reached XP level 7. HP: 50/50 MP: 15/15
  3276 | D:4      | Found a glowing silver altar of Zin.
  3603 | D:4      | Found a transporter.
  3738 | D:5      | Entered Level 5 of the Dungeon
  3770 | D:5      | Reached skill level 5 in Stealth
  4073 | D:5      | Reached XP level 8. HP: 37/58 MP: 6/16
  4295 | D:5      | Found a sacrificial altar of Ru.
  4743 | D:5      | Found Dutar's Jewellery Shoppe.
  4759 | D:5      | Identified a scroll of acquirement
  4759 | D:5      | Acquired the +8 lajatang "Zeoh" {venom, Will+ Int+3}
  4760 | D:5      | Found an ancient bone altar of Kikubaaqudgha.
  5045 | D:6      | Identified the +5 chain mail of the First Lives {rF- rN+
                  | Str+4 SInv}
  5148 | D:6      | Learned a level 3 spell: Dazzling Flash
  5153 | D:6      | Learned a level 4 spell: Iskenderun's Mystic Blast
  5159 | D:6      | Learned a level 5 spell: Freezing Cloud
  5184 | D:6      | Reached XP level 9. HP: 50/65 MP: 12/18
  5336 | D:6      | Found an iron altar of Okawaru.
  5487 | D:7      | Found a snail-covered altar of Cheibriados.
  5586 | D:7      | Found a broken altar of Ashenzari.
  6058 | D:7      | Found a staircase to the Ecumenical Temple.
  6119 | D:7      | Found a shimmering blue altar of Sif Muna.
  6159 | D:7      | Found a flagged portal.
  6183 | Bailey   | Entered a bailey
  6254 | Bailey   | Reached skill level 5 in Invocations
  6618 | Bailey   | Noticed an orc knight
  6630 | Bailey   | Killed an orc knight
  6631 | Bailey   | Reached skill level 5 in Fighting
  6631 | Bailey   | Reached skill level 5 in Short Blades
  6631 | Bailey   | Reached skill level 5 in Long Blades
  6631 | Bailey   | Reached skill level 5 in Axes
  6631 | Bailey   | Reached skill level 5 in Maces & Flails
  6631 | Bailey   | Reached skill level 5 in Polearms
  6631 | Bailey   | Reached skill level 5 in Staves
  6631 | Bailey   | Reached skill level 5 in Ranged Weapons
  6631 | Bailey   | Reached skill level 5 in Throwing
  6631 | Bailey   | Reached skill level 5 in Armour
  6631 | Bailey   | Reached skill level 5 in Shields
  6631 | Bailey   | Reached skill level 5 in Unarmed Combat
  6631 | Bailey   | Reached skill level 5 in Evocations
  6631 | Bailey   | Reached XP level 10. HP: 48/74 MP: 1/20
  6761 | Bailey   | Acquired 808 gold pieces
  6942 | D:7      | Found a runed translucent door.
  6943 | D:7      | Noticed Crazy Yiuf
  6948 | D:7      | Killed Crazy Yiuf
  7050 | D:7      | Found a glowing golden altar of the Shining One.
  7158 | D:7      | Found a basalt altar of Yredelemnul.
  7160 | D:7      | Noticed a profane servitor
  7168 | D:7      | Noticed an angel
  7507 | D:8      | Noticed an orange demon
  7510 | D:8      | Noticed Amaemon
  7519 | D:8      | Killed an orange demon
  7523 | D:8      | Killed Amaemon
  7919 | D:8      | Found a shimmering altar of Xom.
  8099 | D:8      | Found an ornate altar of the Wu Jian Council.
  8215 | D:9      | Reached XP level 11. HP: 81/81 MP: 22/22
  8228 | D:9      | Reached skill level 5 in Hexes
  8228 | D:9      | Reached skill level 5 in Summonings
  8228 | D:9      | Reached skill level 5 in Necromancy
  8228 | D:9      | Reached skill level 5 in Translocations
  8228 | D:9      | Reached skill level 5 in Transmutations
  8228 | D:9      | Reached skill level 5 in Fire Magic
  8228 | D:9      | Reached skill level 5 in Ice Magic
  8228 | D:9      | Reached skill level 5 in Air Magic
  8228 | D:9      | Reached skill level 5 in Earth Magic
  8228 | D:9      | Reached skill level 5 in Poison Magic
  8228 | D:9      | Reached skill level 5 in Shapeshifting
  8250 | D:9      | Found a stormy altar of Qazlal.
  8292 | D:9      | Found an opulent altar of Gozag.
  8331 | D:9      | Noticed a two-headed ogre
  8342 | D:9      | Noticed a two-headed ogre
  8355 | D:9      | Gained mutation: You are weak. (Str -2) [potion of
                  | mutation]
  8355 | D:9      | Gained mutation: You expend magic power (3 MP) to
                  | strengthen your wands. [potion of mutation]
  8355 | D:9      | Gained mutation: You passively dampen the noise of your
                  | surroundings. [potion of mutation]
  8362 | D:9      | Killed a two-headed ogre
  8666 | D:9      | Found Iggynur's Magic Scroll Emporium.
  8672 | D:9      | Bought a scroll of identify for 22 gold pieces
  8672 | D:9      | Bought a scroll of identify for 22 gold pieces
  9077 | D:9      | Noticed an obsidian statue
  9087 | D:9      | Learned a level 3 spell: Volatile Blastmotes
  9224 | D:9      | Killed a two-headed ogre
  9416 | D:10     | Entered Level 10 of the Dungeon
  9615 | D:10     | Found a staircase to the Lair.
  9686 | D:10     | Reached XP level 12. HP: 85/89 MP: 20/24
 10402 | D:10     | Found a burning altar of Makhleb.
 10402 | D:10     | Noticed a balrug
 10419 | D:10     | Noticed a two-headed ogre
 10423 | D:10     | Killed a two-headed ogre
 10522 | Lair:1   | Entered Level 1 of the Lair of Beasts
 10767 | Lair:1   | Noticed Fannar
 11069 | Lair:1   | Demolished by Fannar

Illustrated notes

Levels and vault maps discovered:
D:1:      sevenhm_arrival_forest_fort_small_6, layout_basic
D:2:      layout_basic, basic_altar, serial_shops, shop, uniq_sigmund,
          uniq_natasha
D:3:      layout_rooms, mainiacjoe_overflow_concentric_impassable,
          nicolae_dithmenos_the_darkroom, basic_ecumenical_altar
D:4:      layout_rooms, mainiacjoe_overflow_cross_hatched,
          gammafunk_ghost_stat_death
D:5:      layout_loops_ring, hangedman_ru_absence, kennysheep_vampire_church,
          serial_shops, shop
D:6:      layout_basic, mainiacjoe_overflow_surrounded_room
D:7:      layout_basic, grunt_temple_overflow_holy_war, kennysheep_slug_shrine,
          ashenzari_conservatory_becter, lemuel_doored_altar,
          minmay_temple_entry_grid, lightli_bailey_entry_fortress,
          minmay_hedge_maze, uniq_crazy_yiuf_cottage
D:8:      layout_rooms, tgw_xom, marbit_many_paths, uniq_amaemon
D:9:      layout_long_grid, nicolae_gozag_cash_rules_everything_around_me,
          nicolae_qazlal_eye_of_the_storm, serial_shops,
          nicolae_shop_temple_entry_statues_fountains, grunt_ministairs_15,
          minmay_statue_bubble
D:10:     layout_loops_corners, makhleb_altar_promises_db,
          minmay_lair_entry_grove
Lair:1:   layout_regular_city, nicolae_quartered_pool_impasse, pond, uniq_fannar

Skill      XL: |  1  2  3  4  5  6  7  8  9 10 11 12 |
---------------+-------------------------------------+-----
Spellcasting   | 5 6 7 8 9 |  9.1
Invocations    | 1 2 3 4 5 6 7 8 |  8.2
Fighting       | 1 2 3 5 6 7 |  7.5
Short Blades   | 1 2 3 5 6 7 |  7.5
Long Blades    | 1 2 3 5 6 7 |  7.5
Axes           | 1 2 3 5 6 7 |  7.5
Maces & Flails | 1 2 3 5 6 7 |  7.5
Polearms       | 1 2 3 5 6 7 |  7.5
Staves         | 1 2 3 5 6 7 |  7.5
Ranged Weapons | 1 2 3 5 6 7 |  7.5
Throwing       | 1 2 3 5 6 7 |  7.5
Armour         | 1 2 3 5 6 7 |  7.5
Shields        | 1 2 3 5 6 7 |  7.5
Unarmed Combat | 1 2 3 5 6 7 |  7.5
Evocations     | 1 2 3 5 6 7 |  7.5
Hexes          | 1 2 3 4 5 6 |  6.2
Summonings     | 1 2 3 4 5 6 |  6.2
Necromancy     | 1 2 3 4 5 6 |  6.2
Translocations | 1 2 3 4 5 6 |  6.2
Transmutations | 1 2 3 4 5 6 |  6.2
Fire Magic     | 1 2 3 4 5 6 |  6.2
Ice Magic      | 1 2 3 4 5 6 |  6.2
Air Magic      | 1 2 3 4 5 6 |  6.2
Earth Magic    | 1 2 3 4 5 6 |  6.2
Poison Magic   | 1 2 3 4 5 6 |  6.2
Shapeshifting  | 1 2 3 4 5 6 |  6.2
Dodging        | 5 6 7 8 |  8.9
Stealth        | 5 6 7 8 |  8.7
Conjurations   | 8 9 |  9.5

Action                     |  1- 3 |  4- 6 |  7- 9 | 10-12 || total
---------------------------+-------+-------+-------+-------++-------
  Melee: Long sword        |       |       |     2 |       ||     2
         Lajatang          |       |       |    51 |   359 ||   410
         Bite              |       |       |     7 |    46 ||    53
   Fire: Longbow           |     2 |     3 |   160 |       ||   165
   Cast: Magic Dart        |    41 |   102 |   112 |    45 ||   300
         Searing Ray       |       |     3 |    27 |    17 ||    47
         Iskenderun's Myst |       |       |     2 |    10 ||    12
         Freezing Cloud    |       |       |     1 |    12 ||    13
         Volatile Blastmot |       |       |       |    10 ||    10
    Use: Scroll            |       |       |    14 |     8 ||    22
         Potion            |       |       |     1 |     5 ||     6
   Stab: Sleeping          |       |       |     6 |     4 ||    10
         Distracted        |       |       |     2 |     4 ||     6
 Armour: Robe              |     1 |     2 |    61 |   183 ||   247
         Skin              |       |       |       |     1 ||     1
  Dodge: Dodged            |       |     5 |   163 |   292 ||   460

Table legend: (Time is in decaauts)
 A = Elapsed time spent in this place.
 B = Non-inter-level travel time spent in this place.
 C = Inter-level travel time spent in this place.
 D = Time resting spent in this place.
 E = Time spent auto-exploring this place.
 F = Levels seen in this place.
 G = Mean time per level.
                   A        B        C        D        E       F      G
               +--------+--------+--------+--------+--------+-----+--------+
         Total |  11258 |  11067 |    191 |      0 |   8484 |  12 |  938.2 |
       Dungeon |  10078 |   9887 |    191 |      0 |   7736 |  10 | 1007.8 |
          Lair |    548 |    548 |      0 |      0 |    372 |   1 |  548.0 |
        Bailey |    631 |    631 |      0 |      0 |    376 |   1 |  631.0 |
               +--------+--------+--------+--------+--------+-----+--------+

Top non-repeatable levels by time:
     D:2: 1378 daAuts
     D:7: 1239 daAuts
     D:5: 1223 daAuts
     D:9: 1174 daAuts
    D:10: 1110 daAuts
     D:8: 1062 daAuts
     D:1: 821 daAuts
     D:3: 819 daAuts
     D:4: 737 daAuts
  Bailey: 631 daAuts
  Lair:1: 548 daAuts
     D:6: 509 daAuts
